 Dungeon Crawl Stone Soup version 0.31-a0-246-g8cbcc1cb85 (webtiles) character file.

Game seed: 9904697507676555457

125 qw the Shooter (level 4, -1/37 HPs)
             Began as a Minotaur Hexslinger on July 12, 2023.
             Succumbed to a scorpion's poison
             ... on level 3 of the Dungeon.
             The game lasted 00:00:46 (1864 turns).

qw the Shooter (Minotaur Hexslinger)                Turns: 1864, Time: 00:00:46

Health: -1/37      AC:  4    Str: 12    XL:     4   Next: 82%
Magic:  4/4        EV: 12    Int: 10    God:
Gold:   149        SH:  0    Dex: 15    Spells: 4/5 levels left

rFire   . . .        Y - +1 sling
rCold   . . .        (no shield)
rNeg    . . .        b - +2 robe {Will+}
rPois   .            (helmet restricted)
rElec   .            (no cloak)
rCorr   .            (no gloves)
SInv    .            (no boots)
Will    +....        (no amulet)
Stlth   +            (no ring)
HPRegen 0.26/turn    (no ring)
MPRegen 0.09/turn

%: no passive effects
@: lethally poisoned (-1 -> -8)
A: horns 2, retaliatory headbutt
a: no special abilities


You were on level 3 of the Dungeon.
You visited 1 branch of the dungeon, and saw 3 of its levels.

You collected 149 gold pieces.


Innate Abilities, Weirdness & Mutations

You have a pair of horns on your head.
You reflexively headbutt those who attack you in melee.


   Skills:
 + Level 2.6 Fighting
 - Level 5.0 Ranged Weapons
 - Level 1.0 Armour
 - Level 2.1 Dodging
 - Level 1.0 Spellcasting
 - Level 2.0 Hexes


You had 4 spell levels left.
You knew the following spells:

 Your Spells              Type           Power      Damage    Failure   Level
a - Slow                  Hex            16%        N/A       16%         1

Your spell library contained the following spells:

 Spells                   Type           Power      Damage    Failure   Level
 Inner Flame              Hex/Fire       2%         N/A       56%         3
 Portal Projectile        Hex/Tloc       4%         N/A       56%         3
 Cause Fear               Hex            2%         N/A       83%         4

Inventory:

Hand Weapons
 Y - a +1 sling (weapon)
Armour
 b - a +2 robe of willpower (worn)
 d - a +0 pair of gloves
Scrolls
 f - 2 scrolls of revelation {unknown}
 g - a scroll of blinking {unknown}
 i - a scroll of summoning {unknown}
 j - a scroll of identify {unknown}
Potions
 a - a potion of curing {unknown}
 c - a potion of heal wounds {unknown}
 e - 2 potions of brilliance {unknown}
 h - a potion of ambrosia {unknown}

Dungeon Overview and Level Annotations

Branches:
Dungeon (3/15)

Altars:


Message History

The scorpion is lightly wounded.
The adder barely misses you. You furiously retaliate!
You headbutt the adder, but do no damage.
The rat bites you but does no damage. The scorpion stings you.
The adder closely misses you. The rat closely misses you.
You shoot a sling bullet.
The sling bullet closely misses the scorpion.
The scorpion stings you. The adder closely misses you. The rat bites you.
You shoot a sling bullet. The sling bullet hits the scorpion.
The scorpion is moderately wounded.
The adder bites you. The scorpion closely misses you. You furiously retaliate!
You headbutt the scorpion, but do no damage.
The adder bites you but does no damage. The rat closely misses you.
The scorpion stings you.
You shoot a sling bullet.
The sling bullet hits the scorpion but does no damage.
The scorpion is moderately wounded.
The adder bites you but does no damage. The scorpion stings you.
The rat misses you.
You shoot a sling bullet.
The sling bullet hits the scorpion but does no damage.
The scorpion is moderately wounded.
The adder bites you but does no damage. The scorpion stings you.
You are lethally poisoned!
The scorpion poisons you! The rat misses you. You furiously retaliate!
You headbutt the rat.
You kill the rat!
The adder barely misses you.
You shoot a sling bullet. The sling bullet hits the scorpion.
The scorpion is moderately wounded.
You feel very sick. The scorpion barely misses you.
The adder bites you but does no damage.
The scorpion stings you but does no damage.
You shoot a sling bullet.
The sling bullet barely misses the scorpion.
You feel sick. The adder bites you but does no damage. The scorpion stings you.
The adder barely misses you. You furiously retaliate!
You headbutt the adder. You shoot a sling bullet.
The sling bullet hits the adder.
The adder is severely wounded.
You die...

.........#...
..........#.. ....# ....
..####....... .... ....
..# ##.... ... .....
..## #)# ... ..... ...#
#.# #.#...... ...## #.#
#.#......
.#..####.#######S%......
.##......##.....@s......
............######......
.........#### .....
.#........# ..##
..#.....#.# ##
#.......#.# ##.>....#.#
##..####.. #.. ..


You could see a scorpion and an adder.

Vanquished Creatures
  Jessica (D:2)
  3 gnolls
  2 adders
  A worm (D:3)
  8 bats
  4 endoplasms
  2 giant cockroaches
  6 goblins
  2 hobgoblins
  7 jackals
  3 kobolds
  A quokka (D:1)
  2 ball pythons (D:2)
  A frilled lizard (D:1)
  5 rats
48 creatures vanquished.

Notes
Turn   | Place    | Note
-------+----------+-------------------------------------------
     0 | D:1      | qw the Minotaur Hexslinger began the quest for the Orb.
     0 | D:1      | Reached XP level 1. HP: 16/16 MP: 1/1
     0 | D:1      | 0 ||| qw: Version: 0.3-a-52-g30416fa
     0 | D:1      | 0 ||| qw: Game counter: 6479
     0 | D:1      | 0 ||| qw: Melee chars always use a shield: true
     0 | D:1      | 0 ||| qw: God list: Okawaru
     0 | D:1      | 0 ||| qw: Allow faded altars: false
     0 | D:1      | 0 ||| qw: Do Orc after clearing Dungeon:15 true
     0 | D:1      | 0 ||| qw: Do second Lair branch before Depths: true
     0 | D:1      | 0 ||| qw: Lair rune preference: random
     0 | D:1      | 0 ||| qw: Goals: Normal
     0 | D:1      | 0 ||| PLANNING D:1-11
   178 | D:1      | Reached skill level 3 in Ranged Weapons
   196 | D:1      | Reached XP level 2. HP: 23/23 MP: 2/2
   728 | D:1      | 728 ||| UPGRADING to +0 ring mail.
   738 | D:1      | 738 ||| DROPPING +0 robe.
   739 | D:1      | 739 ||| READING scroll labelled QOIS LUALOINO.
   743 | D:1      | 743 ||| READING scroll labelled HADIT MAMOGOCY.
   744 | D:1      | 744 ||| DROPPING scroll of poison.
   789 | D:2      | 789 ||| Stepping ~*~*~tactically~*~*~ (outnumbered).
   793 | D:2      | Reached XP level 3. HP: 18/29 MP: 3/3
   795 | D:2      | 795 ||| FLEEEEING.
   796 | D:2      | 796 ||| FLEEEEING.
   797 | D:2      | 797 ||| FLEEEEING.
   798 | D:2      | 798 ||| FLEEEEING.
   799 | D:2      | 799 ||| FLEEEEING.
   800 | D:2      | 800 ||| FLEEEEING.
   801 | D:2      | 801 ||| FLEEEEING.
   802 | D:2      | 802 ||| FLEEEEING.
   803 | D:2      | 803 ||| FLEEEEING.
   805 | D:2      | 805 ||| FLEEEEING.
   806 | D:2      | 806 ||| FLEEEEING.
   807 | D:2      | 807 ||| FLEEEEING.
   808 | D:2      | 808 ||| FLEEEEING.
   810 | D:2      | 810 ||| FLEEEEING.
   811 | D:2      | 811 ||| STAIRDANCE
   852 | D:1      | 852 ||| READING scroll labelled REOFIX UNEF.
   855 | D:2      | 855 ||| STAIRDANCE
   881 | D:2      | 881 ||| STAIRDANCE
   889 | D:1      | HP: 4/29 [gnoll/+0 spear (5)]
   892 | D:1      | Reached skill level 4 in Ranged Weapons
  1225 | D:2      | Reached skill level 1 in Armour
  1337 | D:2      | Reached XP level 4. HP: 36/36 MP: 4/4
  1358 | D:2      | Noticed Jessica
  1363 | D:2      | Killed Jessica
  1663 | D:2      | 1663 ||| UPGRADING to +2 robe of willpower.
  1673 | D:2      | 1673 ||| DROPPING +0 ring mail.
  1706 | D:3      | Reached skill level 5 in Ranged Weapons
  1851 | D:3      | Noticed a scorpion
  1862 | D:3      | HP: 8/37 [poisoned by a scorpion]
  1863 | D:3      | HP: 1/37 [scorpion (6)]
  1864 | D:3      | Succumbed to a scorpion's poison

Levels and vault maps discovered:
D:1:      lemuel_arrival_broad_hall, layout_loops_ring
D:2:      layout_loops_ring, corexii_item_surrounded_by_moat, st_stairs_7,
          chequers_avenue, due_unseen_surprise, uniq_jessica
D:3:      layout_rooms, shapermc_ecumenical_altar_acropolis, uniq_grinder

Skill      XL: |  1  2  3  4 |
---------------+-------------+-----
Ranged Weapons | 3 4 5 |  5.0
Fighting       | 2 |  2.6
Armour         | 1 |  1.0
Dodging        | |  2.1
Spellcasting   | |  1.0
Hexes          | |  2.0

Action                     |  1- 3 |  4- 6 || total
---------------------------+-------+-------++-------
   Fire: Sling             |   116 |    52 ||   168
    Use: Scroll            |     3 |       ||     3
 Armour: Robe              |     7 |     8 ||    15
         Ring mail         |    16 |    10 ||    26
  Dodge: Dodged            |    46 |    24 ||    70

Table legend:
 A = Non-vault XP
 B = Vault XP
 C = Vault XP percentage of total XP
 D = Non-vault monster count
 E = Vault monster count
 F = Vault count percentage of total count
                 A         B        C        D         E       F
            +---------+---------+-------+---------+---------+-------
      Total |     141 |      38 |  21.2 |      46 |       2 |   4.2
            +---------+---------+-------+---------+---------+-------
        D:1 |      57 |       0 |   0.0 |      19 |       0 |   0.0
        D:2 |      57 |      38 |  40.0 |      20 |       2 |   9.1
        D:3 |      27 |       0 |   0.0 |       7 |       0 |   0.0
            +---------+---------+-------+---------+---------+-------
